 Dungeon Crawl Stone Soup version 0.30-a0-279-g4b46babb21 (webtiles) character file.

Game seed: 14720310581446802608

22606 purpskrrrp the Executioner (level 12, -4/91 HPs)
             Began as a Minotaur Fighter on Oct 16, 2022.
             Was a High Priest of Makhleb.
             Slain by a nine-headed hydra (5 damage)
             ... on level 13 of the Dungeon.
             The game lasted 00:23:38 (11884 turns).

purpskrrrp the Executioner (Minotaur Fighter)      Turns: 11884, Time: 00:23:39

Health: -4/91      AC: 19    Str: 36    XL:     12   Next: 64%
Magic:  11/11      EV: 10    Int:  9    God:    Makhleb [*****.]
Gold:   646        SH:  0    Dex: 10    Spells: 11/11 levels left

rFire   . . .      SeeInvis .    I - +6 battleaxe
rCold   . . .      Faith    +    (shield currently unavailable)
rNeg    + . .      Spirit   .    J - +2 pearl dragon scales
rPois   .          Reflect  .    (helmet restricted)
rElec   .          Harm     .    (no cloak)
rCorr   .          Rampage  .    h - +2 pair of gloves
Will    .....                    i - +0 pair of boots
Stlth   ..........               j - amulet of faith
HPRegen 0.35/turn                w - +6 ring of strength
MPRegen 0.12/turn                C - +6 ring of strength

@: on berserk cooldown, slowed, studying Unarmed Combat, very slow
A: horns 2, retaliatory headbutt, iridescent scales 1, clever 1, subdued magic 1
a: Renounce Religion, Minor Destruction, Lesser Servant of Makhleb, Major
Destruction, Greater Servant of Makhleb


You were on level 13 of the Dungeon.
You worshipped Makhleb.
Makhleb was extremely pleased with you.
You visited 1 branch of the dungeon, and saw 13 of its levels.

You collected 778 gold pieces.
You spent 132 gold pieces at shops.

Inventory:

Hand Weapons
 a - a +1 war axe
 v - the +11 dagger "Teud" {vorpal, *Noise Fly Str+3 Dex+2}
   (You found it on level 4 of the Dungeon)

   It inflicts extra damage upon your enemies.
   Str:       It affects your strength (+3).
   Dex:       It affects your dexterity (+2).
   Fly:       It grants you flight.
   *Noise:    It may make noises in combat.
 I - a +6 battleaxe (weapon)
Armour
 b - a +0 scale mail
 c - a +0 buckler
 h - a +2 pair of gloves (worn)
 i - a +0 pair of boots (worn)
 u - a +0 plate armour
 J - +2 pearl dragon scales (worn)
Jewellery
 f - a +6 ring of intelligence
 j - an amulet of faith (around neck)
 m - a ring of willpower
 p - a ring of protection from fire
 q - a ring of willpower
 w - a +6 ring of strength (left hand)
 y - a ring of protection from fire
 C - a +6 ring of strength (right hand)
 N - a ring of positive energy
Wands
 x - a wand of flame (32)
 z - a wand of light (15)
 L - a wand of iceblast (15)
 M - a wand of mindburst (9)
 O - a wand of digging (4)
 P - a wand of paralysis (4) (quivered)
Scrolls
 l - 3 scrolls of teleportation
 n - 2 scrolls of noise
 F - a scroll of magic mapping
 G - a scroll of silence
Potions
 d - 2 potions of might
 e - 10 potions of curing
 k - 2 potions of haste
 o - 4 potions of flight
 r - a potion of ambrosia
 s - a potion of degeneration {unknown}
 t - 3 potions of lignification
 A - a potion of berserk rage
 B - a potion of mutation
 D - 2 potions of brilliance {unknown}
 E - 3 potions of invisibility {unknown}
 H - a potion of attraction {unknown}
 K - 4 potions of magic {unknown}
 Q - a potion of cancellation {unknown}
Miscellaneous
 g - a condenser vane


   Skills:
 - Level 3.6 Fighting
 * Level 24.1 Axes
 - Level 3.6 Armour
 - Level 3.6 Shields


You had 11 spell levels left.
You didn't know any spells.
Your spell library contained the following spells:

 Spells                   Type           Power      Damage    Failure   Level
 Magic Dart               Conj           0%         1d3       58%         1
 Shock                    Conj/Air       0%         1d3       58%         1
 Slow                     Hex            0%         N/A       58%         1
 Call Imp                 Summ           0%         N/A       73%         2
 Confusing Touch          Hex            0%         N/A       92%         3
 Dazzling Flash           Conj/Hex       0%         N/A       92%         3
 Kindle Blastsparks       Fire/Tloc/Air  0%         2d10      92%         3
 Mephitic Cloud           Conj/Pois/Air  0%         N/A       92%         3
 Swiftness                Air            0%         N/A       92%         3
 Vampiric Draining        Necr           0%         2d6       92%         3
 Airstrike                Air            0%         2d(0-16)  100%        4
 Fulminant Prism          Conj/Hex       0%         3d6       100%        4
 Iskenderun's Mystic Bla  Conj/Tloc      0%         2d3       100%        4
 Agony                    Necr           0%         N/A       100%        5
 Lee's Rapid Deconstruct  Erth           0%         3d5*      100%        5
 Silence                  Hex/Air        0%         N/A       100%        5


Dungeon Overview and Level Annotations

Branches:
Dungeon (13/15)            Temple (0/1) D:6            Lair (0/5) D:10
    Orc (0/2) D:10
 Vaults: D:13-14

Altars:
Cheibriados
Kikubaaqudgha
Makhleb
Nemelex Xobeh
Okawaru
Vehumet
Yredelemnul
Zin

Shops:
D:6 (

Annotations:
D:3 3 runed translucent doors, Darkkill's ghost, amateur GrBe
D:5 1 runed translucent door


Innate Abilities, Weirdness & Mutations

You have a pair of horns on your head.
You reflexively headbutt those who attack you in melee.
You are partially covered in iridescent scales. (AC +2)
Your mind is acute. (Int +4, Str/Dex -1)
Your spells are a little easier to cast, but a little less powerful.


Message History

* * * LOW HITPOINT WARNING * * *
The nine-headed hydra bites you but does no damage.
The nine-headed hydra barely misses you.
The nine-headed hydra closely misses you.
The nine-headed hydra bites you!
* * * LOW HITPOINT WARNING * * *
Okay, then.
Okay, then.
Okay, then.
Aiming: Paralyse
Press: ? - help, Q - select action, (/) - cycle Shift-Dir - straight line, f/p - nine-headed hydra
Aim: a nine-headed hydra (heavily wounded, chance to affect: 17%)
Okay, then.
A red film seems to cover your vision as you go berserk!
You feel yourself moving faster!
You feel mighty!
The nine-headed hydra closely misses you.
You furiously retaliate!
You headbutt the nine-headed hydra!
The nine-headed hydra bites you but does no damage.
The nine-headed hydra closely misses you.
The nine-headed hydra bites you.
* * * LOW HITPOINT WARNING * * *
The nine-headed hydra bites you but does no damage. x2
The nine-headed hydra bites you.
* * * LOW HITPOINT WARNING * * *
The nine-headed hydra bites you.
* * * LOW HITPOINT WARNING * * *
The nine-headed hydra bites you but does no damage.
You feel a strong urge to attack something.
You feel your anger nearly subside.
You are no longer berserk.
You are exhausted.
You feel yourself slow down.
Okay, then.
A demon appears!
It doesn't seem very happy.
The nine-headed hydra bites you but does no damage. x2
The nine-headed hydra bites you.
* * * LOW HITPOINT WARNING * * *
The nine-headed hydra bites you.
You die...

,,,,,,,,,,,,.........,,,,*
,,,,,,,,,,,,........#*****
,,,,,,,,,,,,........#
************#######.# #.#
#.# ###################.#
....................#
..............3.@D..#
......#############.#
......# #.# ......# #.#
......# #.# ......# #.#
......# #.# รท.....# #.#
......#############.#


You could see a nine-headed hydra and a neqoxec (summoned).

Vanquished Creatures
  Josephine (D:11)
  A centaur warrior (D:12)
  7 two-headed ogres
  Pikel (D:9)
  An orc knight (D:12)
  A deep elf pyromancer (D:12)
  4 manticores
  A komodo dragon (D:12)
  An unseen horror (D:13)
  A rime drake (D:10)
  Psyche (D:8)
  3 kobold demonologists (D:10)
  A freezing wraith (D:11)
  7 trolls
  4 slime creatures (D:12)
  2 hornets
  5 wraiths
  2 shadows
  2 yaks (D:9)
  7 vampire mosquitoes
  2 steam dragons (D:9)
  2 basilisks (D:13)
  2 wargs (D:12)
  2 water moccasins
  3 acid dragons
  A hornet zombie (D:8)
  A black bear (D:4)
  7 orc warriors
  9 ice beasts
  2 wolves (D:10)
  4 ogres
  A centaur (D:7)
  3 lemures (D:9)
  A phantom (D:5)
  5 kobold brigands
  A scorpion (D:6)
  7 bullfrogs
  3 necrophages
  A wyvern zombie (D:8)
  25 wights
  5 killer bees
  2 howler monkeys
  An electric eel (D:9)
  A crimson imp (D:5)
  2 centaur zombies (D:8)
  A hound (D:6)
  An iron imp (D:4)
  5 jellies
  2 gnoll boudas
  10 orc priests
  3 iguanas
  13 orc wizards
  A killer bee zombie (D:8)
  A howler monkey zombie (D:8)
  10 gnolls
  3 adders
  2 shadow imps
  2 white imps
  An ufetubus (D:5)
  5 worms
  5 dart slugs
  44 orcs
  8 ball pythons
  5 bats
  An endoplasm (D:1)
  2 giant cockroaches
  7 goblins
  9 hobgoblins
  10 jackals
  5 quokkas
  3 frilled lizards
  10 kobolds
  A kobold skeleton (D:5)
  8 rats
324 creatures vanquished.

Vanquished Creatures (others)
  5 withered plants (D:8)
5 creatures vanquished.

Grand Total: 329 creatures vanquished

Notes
Turn   | Place    | Note
-------+----------+-------------------------------------------
     0 | D:1      | purpskrrrp the Minotaur Fighter began the quest for the
                  | Orb.
     0 | D:1      | Reached XP level 1. HP: 19/19 MP: 0/0
    89 | D:1      | Reached skill level 3 in Axes
   179 | D:1      | Reached XP level 2. HP: 22/27 MP: 1/1
   371 | D:1      | Reached skill level 4 in Axes
   514 | D:1      | Reached XP level 3. HP: 27/33 MP: 2/2
   710 | D:2      | Found a faded altar of an unknown god.
   900 | D:2      | Reached skill level 5 in Axes
   900 | D:2      | Reached XP level 4. HP: 40/40 MP: 3/3
  1737 | D:3      | Reached skill level 6 in Axes
  1866 | D:3      | Found a runed translucent gate.
  1866 | D:3      | Found a runed translucent gate.
  1866 | D:3      | Found a runed translucent gate.
  1867 | D:3      | Noticed Darkkill's ghost (amateur GrBe)
  2008 | D:3      | Found an iron altar of Okawaru.
  2108 | D:3      | Reached XP level 5. HP: 46/46 MP: 4/4
  2559 | D:4      | Noticed a black bear
  2570 | D:4      | Reached skill level 7 in Axes
  2573 | D:4      | Killed a black bear
  2574 | D:4      | Reached XP level 6. HP: 42/52 MP: 5/5
  2645 | D:4      | Found a snail-covered altar of Cheibriados.
  2651 | D:4      | Reached skill level 8 in Axes
  2710 | D:4      | Identified the +11 dagger "Teud" {vorpal, *Noise Fly Str+3
                  | Dex+2}
  3179 | D:5      | Entered Level 5 of the Dungeon
  3186 | D:5      | Reached skill level 9 in Axes
  3244 | D:5      | Reached XP level 7. HP: 56/58 MP: 6/6
  3332 | D:5      | Reached skill level 10 in Axes
  3607 | D:5      | Reached skill level 11 in Axes
  3807 | D:5      | Reached XP level 8. HP: 47/66 MP: 7/7
  4053 | D:5      | Reached skill level 12 in Axes
  4113 | D:5      | Found a runed translucent door.
  4117 | D:5      | Found a basalt altar of Yredelemnul.
  4181 | D:5      | Found a radiant altar of Vehumet.
  4181 | D:5      | Found a burning altar of Makhleb.
  4253 | D:5      | Became a worshipper of Makhleb the Destroyer
  4341 | D:6      | Found a staircase to the Ecumenical Temple.
  4414 | D:6      | Reached skill level 13 in Axes
  4531 | D:6      | Found Duid's Weapon Boutique.
  4538 | D:6      | Bought 6 boomerangs for 42 gold pieces
  4619 | D:6      | Reached * piety under Makhleb
  4951 | D:7      | Identified the +1 ring mail of the Minstrel {Will++ rCorr}
  4981 | D:7      | Found Zin's Purification Station.
  4984 | D:7      | Found a glowing silver altar of Zin.
  4987 | D:7      | Bought a potion of curing for 90 gold pieces
  5141 | D:7      | Reached skill level 14 in Axes
  5141 | D:7      | Reached XP level 9. HP: 44/71 MP: 8/8
  5564 | D:8      | Noticed Psyche
  5575 | D:8      | Killed Psyche
  5576 | D:8      | Reached skill level 15 in Axes
  5691 | D:8      | Found an ancient bone altar of Kikubaaqudgha.
  6045 | D:8      | Reached skill level 16 in Axes
  6140 | D:8      | Reached ** piety under Makhleb
  6650 | D:8      | Reached XP level 10. HP: 72/73 MP: 9/9
  6667 | D:8      | Reached skill level 17 in Axes
  6777 | D:8      | Noticed a two-headed ogre
  6790 | D:8      | Killed a two-headed ogre
  7269 | D:9      | Noticed a two-headed ogre
  7276 | D:9      | Killed a two-headed ogre
  7277 | D:9      | Reached skill level 18 in Axes
  7432 | D:9      | Reached *** piety under Makhleb
  7590 | D:9      | Noticed a two-headed ogre
  7597 | D:9      | Killed a two-headed ogre
  7598 | D:9      | Reached skill level 19 in Axes
  7711 | D:9      | Found a sparkling altar of Nemelex Xobeh.
  7842 | D:9      | Noticed a two-headed ogre
  7848 | D:9      | Killed a two-headed ogre
  7849 | D:9      | Reached XP level 11. HP: 66/83 MP: 10/10
  8139 | D:9      | Noticed Pikel
  8151 | D:9      | Killed Pikel
  8152 | D:9      | Reached skill level 20 in Axes
  8394 | D:9      | Gained mutation: You are partially covered in iridescent
                  | scales. (AC +2) [potion of mutation]
  8394 | D:9      | Gained mutation: Your spells are a little easier to cast,
                  | but a little less powerful. [potion of mutation]
  8394 | D:9      | Gained mutation: Your mind is acute. (Int +4, Str/Dex -1)
                  | [potion of mutation]
  8409 | D:10     | Entered Level 10 of the Dungeon
  8409 | D:10     | Found a staircase to the Orcish Mines.
  8675 | D:10     | Noticed a two-headed ogre
  8677 | D:10     | Noticed a two-headed ogre
  8877 | D:10     | Reached **** piety under Makhleb
  9031 | D:10     | Killed a two-headed ogre
  9032 | D:10     | Reached skill level 21 in Axes
  9041 | D:10     | Killed a two-headed ogre
  9106 | D:10     | Found a staircase to the Lair.
  9414 | D:10     | Identified the +3 leather armour "Plog" {Str+2}
 10106 | D:11     | You fall into a shaft and drop 2 floors!
 10138 | D:13     | Reached skill level 22 in Axes
 10237 | D:12     | Reached XP level 12. HP: 66/91 MP: 11/11
 10238 | D:12     | Reached ***** piety under Makhleb
 10370 | D:11     | Noticed a two-headed ogre
 10377 | D:11     | Killed a two-headed ogre
 10452 | D:11     | Noticed Josephine
 10466 | D:11     | Killed Josephine
 10467 | D:11     | Reached skill level 23 in Axes
 10924 | D:12     | Noticed a centaur warrior
 10928 | D:12     | Killed a centaur warrior
 11655 | D:12     | Reached skill level 24 in Axes
 11869 | D:13     | Noticed an eight-headed hydra
 11884 | D:13     | HP: 1/91 [nine-headed hydra (4)]
 11884 | D:13     | Slain by a nine-headed hydra

Illustrated notes

Levels and vault maps discovered:
D:1:      giann_forest_graveyard, layout_basic
D:2:      minmay_general_purpose_star, layout_loops_corners,
          ebering_ecumenical_altar_petrified
D:3:      layout_basic, hellmonk_okawaru_the_only_friend_you_need,
          ebering_ghost_rock_garden, minmay_circle_x
D:4:      layout_basic, slow_altar_1
D:5:      layout_loops_corners, grunt_temple_overflow_lords_of_destruction,
          dk_yredelemnul_ordeal, hangedman_decor_clover_reticule,
          minmay_splitting_lines, minmay_misc_feat_pillars
D:6:      layout_rooms, minmay_temple_entry_drinking_statues, serial_shops,
          shop, minmay_statues_item
D:7:      layout_rooms, zin_purify
D:8:      layout_cave_pools, kiku_gazebo_pond_becter, serial_undead,
          serial_undead_c, serial_undead_f, serial_undead_d, serial_undead_e,
          serial_undead_d, serial_undead_d, serial_undead_b, serial_undead_e,
          minmay_misc_feat_columns, minmay_manual_mullet, uniq_psyche
D:9:      wad_river_or_something, layout_basic, overflow_temple_1_default,
          uniq_pikel
D:10:     layout_long_grid, hellmonk_lair_entry_icy, orc_0_dummy,
          serial_co_window_serial, co_window_paths_a, co_window_paths_b,
          co_window_paths_a, co_window_paths_a, co_window_corner_a,
          co_window_paths_a, co_window_paths_a, co_window_corner_b,
          co_window_broadway_a, co_window_corner_b, co_window_paths_c,
          co_window_2corner, co_window_of_opportunity_b, glass_columns_c,
          glass_columns_c, glass_columns_a, glass_columns_a,
          corexii_leaking_fountain
D:11:     layout_small_grid, uniq_josephine
D:12:     layout_roguey, minmay_misc_feat_secret_circle
D:13:     kennysheep_windowed_halls, layout_long_grid,
          nemelex_lonely_heart_becter, uniq_kirke, uniq_lodul

Skill      XL: |  1  2  3  4  5  6  7  8  9 10 11 12 |
---------------+-------------------------------------+-----
Axes           | 3 4 5 6 7 9 11 14 16 19 22 24 | 24.1
Fighting       | |  3.6
Armour         | |  3.6
Shields        | |  3.6

Action                   |  1- 3 |  4- 6 |  7- 9 | 10-12 || total
-------------------------+-------+-------+-------+-------++-------
Melee: War axe           |    66 |   106 |   269 |    39 ||   480
       Headbutt          |     8 |    20 |    56 |    59 ||   143
       Battleaxe         |       |       |       |   334 ||   334
Throw: Boomerang         |       |       |   182 |    87 ||   269
Invok: Minor Destruction |       |       |       |     4 ||     4
       Lesser Servant of |       |       |       |     1 ||     1
  Use: Scroll            |     2 |     5 |     8 |    11 ||    26
       Potion            |       |       |       |     6 ||     6
Armor: Scale mail        |    47 |    43 |       |       ||    90
       Plate armour      |       |    10 |   117 |    18 ||   145
       Pearl dragon scal |       |       |       |   217 ||   217
Dodge: Dodged            |    39 |    46 |    59 |   148 ||   292
Block: Buckler           |    19 |    30 |    39 |     6 ||    94

Table legend: (Time is in decaauts)
 A = Elapsed time spent in this place.
 B = Non-inter-level travel time spent in this place.
 C = Inter-level travel time spent in this place.
 D = Time resting spent in this place.
 E = Time spent auto-exploring this place.
 F = Levels seen in this place.
 G = Mean time per level.
                   A        B        C        D        E       F      G
               +--------+--------+--------+--------+--------+-----+--------+
         Total |  11922 |  11447 |    475 |   1182 |   8177 |  13 |  917.1 |
       Dungeon |  11922 |  11447 |    475 |   1182 |   8177 |  13 |  917.1 |
               +--------+--------+--------+--------+--------+-----+--------+

Top non-repeatable levels by time:
     D:8: 1481 daAuts
     D:9: 1326 daAuts
    D:10: 1201 daAuts
     D:5: 1144 daAuts
    D:12: 1051 daAuts
     D:2: 1021 daAuts
     D:3: 847 daAuts
     D:7: 816 daAuts
    D:11: 737 daAuts
     D:1: 726 daAuts
     D:6: 698 daAuts
     D:4: 625 daAuts
    D:13: 243 daAuts
